 Dungeon Crawl Stone Soup version 0.31.0-1-g2c135a008e (webtiles) character file.

Game seed: 4157228391317643444

92 qw the Shooter (level 4, -3/35 HPs)
             Began as a Djinni Hunter on Jan 23, 2024.
             Slain by Grinder (6 damage)
             ... on level 3 of the Dungeon.
             The game lasted 00:00:05 (1617 turns).

qw the Shooter (Djinni Hunter)                      Turns: 1617, Time: 00:00:06

Health: -3/35      AC:  6    Str: 10    XL:     4   Next: 90%
Gold:   94         EV: 11    Int: 10    God:
                   SH:  0    Dex: 19

rFire   + + .        a - +1 shortbow
rCold   x . .        (shield currently unavailable)
rNeg    . . .        e - +0 ring mail
rPois   inf          (no helmet)
rElec   .            g - +0 cloak
rCorr   .            (no gloves)
SInv    .            (boots unavailable)
Will    .....        (no amulet)
Stlth   +            (no ring)
HPRegen 0.25/turn    (no ring)
MPRegen 0.00/turn

%: infuse magic (-4 HP)
@: flying
A: sickness immunity, fire resistance 2, cold vulnerability 1, float, innate
caster, HP casting, extra vitality 1
a: no special abilities


You were on level 3 of the Dungeon.
You visited 1 branch of the dungeon, and saw 3 of its levels.

You collected 94 gold pieces.


Innate Abilities, Weirdness & Mutations

You are immune to sickness and miasma.
You are immune to poison.
Your flesh is very heat resistant. (rF++)
You are vulnerable to cold. (rC-)
You float through the air rather than walking.
You learn spells naturally, not from books.
Your magical power is your life essence.
You have superior vitality. (+4 MHP)


   Skills:
 - Level 3.3 Fighting
 + Level 4.0 Ranged Weapons
 - Level 1.1 Armour
 - Level 2.1 Dodging
 - Level 0.7 Stealth


You knew the following spells:

 Your Spells              Type           Power      Damage    Failure   Level
a - Apportation           Tloc           0%         N/A       67%         1
Your spell library was empty.

Inventory:

Hand Weapons
 a - a +1 shortbow (weapon)
Armour
 e - a +0 ring mail (worn)
 g - a +0 cloak (worn)
Scrolls
 d - a scroll of enchant armour {unknown}
Potions
 b - a potion of might
 c - a potion of curing
 f - 2 potions of brilliance {unknown}

Dungeon Overview and Level Annotations

Branches:
Dungeon (3/15)

Altars:

Annotations:
D:3 Grinder


Message History

Grinder hits you but does no damage.
You shoot an arrow. The arrow closely misses Grinder.
Grinder hits you but does no damage. Grinder closely misses you.
You shoot an arrow. The arrow closely misses Grinder.
Grinder hits you.
You writhe in agony.
You shoot an arrow. The arrow hits Grinder.
Grinder is moderately wounded.
Grinder hits you!
You shoot an arrow. The arrow hits Grinder.
Grinder is moderately wounded.
Grinder closely misses you.
Grinder blinks!
You shoot an arrow.
The arrow hits the giant cockroach but does no damage.
You shoot an arrow.
The arrow hits the giant cockroach but does no damage.
The giant cockroach bites you but does no damage.
The giant cockroach barely misses you.
You shoot an arrow.
The arrow hits the giant cockroach but does no damage.
The giant cockroach barely misses you. The giant cockroach bites you.
Grinder blinks!
You shoot an arrow.
The arrow barely misses the giant cockroach.
The giant cockroach misses you.
You shoot an arrow. The arrow hits the giant cockroach!
You kill the giant cockroach!
You shoot an arrow. The arrow hits Grinder.
Grinder is heavily wounded.
You shoot an arrow. The arrow hits Grinder.
Grinder is heavily wounded.
Grinder gestures at you. Pain shoots through your body!
You shoot an arrow.
The arrow hits Grinder but does no damage.
Grinder is heavily wounded.
Grinder barely misses you.
You shoot an arrow. The arrow barely misses Grinder.
Grinder hits you.
You writhe in agony.
You die...
Grinder says, "Now the real fun starts!"

# #.# # #.#. #
#. .### ## #<
..# #########)
#. #.#
##.##....)) #.
##.###.#.#.####.
#5##.#.#.###..#
##
#.@.###...#.###
# ####.#.###.##
#
##.#############
#..............
###############


You could see Grinder.

Vanquished Creatures
  An orc wizard (D:3)
  2 adders
  A ribbon worm (D:3)
  3 orcs (D:3)
  5 bats
  3 endoplasms
  3 giant cockroaches
  2 goblins (D:2)
  A hobgoblin (D:1)
  5 kobolds
  3 quokkas
  9 ball pythons
  3 frilled lizards
  2 rats
43 creatures vanquished.

Notes
Turn   | Place    | Note
-------+----------+-------------------------------------------
     0 | D:1      | qw the Djinni Hunter began the quest for the Orb.
     0 | D:1      | Reached XP level 1. HP: 18/18 MP: 0/0
     0 | D:1      | 0 ||| qw: Version: 0.3-a-136-gdd3b4e8
     0 | D:1      | 0 ||| qw: Game counter: 1090
     0 | D:1      | 0 ||| qw: Melee chars always use a shield: true
     0 | D:1      | 0 ||| qw: God list: Okawaru
     0 | D:1      | 0 ||| qw: Allow faded altars: false
     0 | D:1      | 0 ||| qw: Do Orc after clearing Dungeon:15 true
     0 | D:1      | 0 ||| qw: Do second Lair branch before Depths: true
     0 | D:1      | 0 ||| qw: Lair rune preference: random
     0 | D:1      | 0 ||| qw: Goals: Normal
     0 | D:1      | 0 ||| PLANNING D:1-11
     6 | D:1      | Noticed a six-headed hydra
     6 | D:1      | Noticed a scorpion
     7 | D:1      | Noticed a polar bear
     7 | D:1      | Noticed a snapping turtle
   258 | D:1      | Reached XP level 2. HP: 23/23 MP: 0/0
   654 | D:1      | 654 ||| UPGRADING to +0 ring mail.
   664 | D:1      | 664 ||| DROPPING +0 leather armour.
   665 | D:1      | 665 ||| READING scroll labelled VUCIMA LENT.
   665 | D:1      | 665 ||| ENCHANTING +0 shortbow.
   666 | D:1      | 666 ||| READING 3 scrolls labelled UTECAEN ONUI.
   666 | D:1      | 666 ||| IDENTIFYING 2 purple potions
   667 | D:1      | 667 ||| READING 2 scrolls of identify.
   667 | D:1      | 667 ||| IDENTIFYING scroll labelled VOASTIFI WUPSO
   668 | D:1      | 668 ||| DROPPING scroll of butterflies.
   669 | D:1      | 669 ||| DROPPING scroll of blinking.
   670 | D:1      | 670 ||| DROPPING 2 potions of berserk rage.
   717 | D:2      | 717 ||| STAIRDANCE
   732 | D:2      | 732 ||| STAIRDANCE
   847 | D:2      | Reached XP level 3. HP: 28/28 MP: 0/0
   847 | D:2      | Learned a level 1 spell: Apportation
   928 | D:2      | Reached skill level 4 in Ranged Weapons
   996 | D:2      | Reached skill level 1 in Armour
  1380 | D:2      | 1380 ||| UPGRADING to +0 cloak.
  1385 | D:2      | 1385 ||| READING 2 scrolls of identify.
  1385 | D:2      | 1385 ||| IDENTIFYING dark potion
  1386 | D:2      | 1386 ||| READING scroll of identify.
  1386 | D:2      | 1386 ||| IDENTIFYING metallic grey potion
  1387 | D:2      | 1387 ||| READING scroll labelled CATESE IMOJU.
  1512 | D:3      | Reached XP level 4. HP: 34/34 MP: 0/0
  1547 | D:3      | Reached skill level 3 in Fighting
  1601 | D:3      | Noticed Grinder
  1615 | D:3      | HP: 8/35 [Grinder/nerve-wracking pain (5)]
  1617 | D:3      | HP: 3/35 [Grinder (5)]
  1617 | D:3      | Slain by Grinder

Levels and vault maps discovered:
D:1:      onia_arrival_zoo_common, layout_loops_ring, hex_large
D:2:      layout_loops_ring, minmay_misc_feat_cross
D:3:      layout_loops_ring, minmay_unequal, uniq_grinder

Skill      XL: |  1  2  3  4 |
---------------+-------------+-----
Ranged Weapons | 4 |  4.0
Armour         | 1 |  1.1
Fighting       | 3 |  3.3
Dodging        | |  2.1
Stealth        | |  0.7

Action                     |  1- 3 |  4- 6 || total
---------------------------+-------+-------++-------
   Fire: Shortbow          |   101 |    35 ||   136
    Use: Scroll            |     6 |       ||     6
 Armour: Leather armour    |     7 |       ||     7
         Ring mail         |    17 |    15 ||    32
  Dodge: Dodged            |    23 |    14 ||    37

Table legend:
 A = Non-vault XP
 B = Vault XP
 C = Vault XP percentage of total XP
 D = Non-vault monster count
 E = Vault monster count
 F = Vault count percentage of total count
                 A         B        C        D         E       F
            +---------+---------+-------+---------+---------+-------
      Total |     132 |       0 |   0.0 |      43 |       0 |   0.0
            +---------+---------+-------+---------+---------+-------
        D:1 |      22 |       0 |   0.0 |      13 |       0 |   0.0
        D:2 |      32 |       0 |   0.0 |      14 |       0 |   0.0
        D:3 |      78 |       0 |   0.0 |      16 |       0 |   0.0
            +---------+---------+-------+---------+---------+-------
